 Dungeon Crawl Stone Soup version 0.30-a0-867-g305f33218d (webtiles) character file.

Game seed: 167222015129755413

70 cforsyth the Magician (level 4, -1/24 HPs)
             Began as a Deep Elf Earth Elementalist on Mar 11, 2023.
             Slain by Natasha (5 damage)
             ... on level 3 of the Dungeon.
             The game lasted 00:01:43 (1404 turns).

cforsyth the Magician (Deep Elf Earth Elementalist) Turns: 1404, Time: 00:01:43

Health: -1/24      AC:  2    Str:  5    XL:     4   Next: 3%
Magic:  5/12       EV: 12    Int: 22    God:
Gold:   114        SH:  0    Dex: 15    Spells: 11/12 levels left

rFire   . . .      SeeInvis .    (no weapon)
rCold   + . .      Faith    .    (no shield)
rNeg    . . .      Spirit   .    a - +0 robe
rPois   .          Reflect  .    (no helmet)
rElec   .          Rampage  .    (no cloak)
rCorr   .                        (no gloves)
Will    .....                    (no boots)
Stlth   ++                       (no amulet)
HPRegen 0.24/turn                m - ring of protection from cold
MPRegen 0.13/turn                (no ring)

@: no status effects
A: no striking features
a: no special abilities


You were on level 3 of the Dungeon.
You visited 1 branch of the dungeon, and saw 3 of its levels.

You collected 114 gold pieces.

Inventory:

Armour
 a - a +0 robe (worn)
Jewellery
 c - a ring of fire
 m - a ring of protection from cold (left hand)
Scrolls
 e - a scroll of fog {unknown}
 g - 2 scrolls of enchant armour {unknown}
 i - a scroll of brand weapon {unknown}
 j - 3 scrolls of silence {unknown}
 k - 3 scrolls of teleportation {unknown}
 n - a scroll of magic mapping {unknown}
 o - a scroll of identify {unknown}
Potions
 b - a potion of magic
 d - a potion of attraction {unknown}
 f - a potion of lignification {unknown}
 h - a potion of heal wounds {unknown}
 l - a potion of might {unknown}
 p - a potion of curing {unknown}
 q - a potion of cancellation {unknown}


   Skills:
 - Level 2.4 Dodging
 - Level 2.4 Stealth
 + Level 4.7 Spellcasting
 - Level 1.1 Transmutations
 + Level 4.5 Earth Magic


You had 11 spell levels left.
You knew the following spells:

 Your Spells              Type           Power      Damage    Failure   Level
a - Sandblast             Erth           48%        2d12      1%          1

Your spell library contained the following spells:

 Spells                   Type           Power      Damage    Failure   Level
 Passwall                 Tmut/Erth      14%        N/A       4%          2
 Apportation              Tloc           10%        N/A       11%         1
 Necrotise                Necr           20%        1d5       11%         1
 Summon Small Mammal      Summ           20%        N/A       11%         1
 Stone Arrow              Conj/Erth      30%        3d8       12%         3
 Petrify                  Tmut/Erth      17%        N/A       32%         4


Dungeon Overview and Level Annotations

Branches:
Dungeon (3/15)

Altars:

Annotations:
D:3 Natasha


Message History

A quokka is nearby!
A quokka is nearby!
The blast of sand hits the quokka.
You kill the quokka!
A kobold comes into view. It is wielding a +0 short sword.
A kobold is nearby!
A kobold is nearby!
A kobold is nearby!
The blast of sand hits the kobold but does no damage.
The kobold shouts!
You hear an angry hiss.
A kobold is nearby!
A kobold is nearby!
A kobold is nearby!
A kobold is nearby!
The blast of sand hits the kobold but does no damage.
Natasha, Servant of Life and Death comes into view.
There are monsters nearby!
There are monsters nearby!
There are monsters nearby!
There are monsters nearby!
There are monsters nearby!
The blast of sand misses the kobold.
The kobold misses you.
The blast of sand hits the kobold!
You kill the kobold!
The blast of sand hits Natasha!
Natasha is heavily wounded.
Natasha casts a spell at you. You resist with some effort.
Natasha mumbles some strange words.
The blast of sand hits Natasha.
Natasha is severely wounded.
Natasha claws you.
The iron imp hits you but does no damage.
The blast of sand hits Natasha.
Natasha is almost dead.
Natasha casts a spell at you. The magic dart hits you! The iron imp hits you!
* * * LOW HITPOINT WARNING * * *
Natasha claws you.
You die...

#.### ##### #...## ....
#.#..# ## ... #.##.###.
..† #.##.##.. #.#
#.##..... #.# #.###....
# #h## #.# #....
#.#@.## #.# #....
#...5.## #.# ##...
#......# #.###....
#.####.#####.##.>#..
... #.....#....#...
.###. ###........###...
.#⌠# #(........####...
.###..).###....####....
....###...#..###.....


You could see an iron imp (summoned) and Natasha.

Vanquished Creatures
  2 adders (D:2)
  A worm (D:2)
  3 endoplasms
  9 goblins
  9 hobgoblins
  4 kobolds
  4 quokkas
  2 ball pythons
  3 bats
  A frilled lizard (D:2)
  5 rats
43 creatures vanquished.

Notes
Turn   | Place    | Note
-------+----------+-------------------------------------------
     0 | D:1      | cforsyth the Deep Elf Earth Elementalist began the quest
                  | for the Orb.
     0 | D:1      | Reached XP level 1. HP: 10/10 MP: 6/6
   177 | D:1      | Reached XP level 2. HP: 15/15 MP: 5/8
   574 | D:1      | You fall into a shaft and drop 1 floor!
   629 | D:2      | Reached XP level 3. HP: 19/19 MP: 7/10
   957 | D:2      | Found a faded altar of an unknown god.
  1375 | D:3      | Reached XP level 4. HP: 24/24 MP: 10/12
  1399 | D:3      | Noticed Natasha
  1404 | D:3      | Slain by Natasha

Illustrated notes

Levels and vault maps discovered:
D:1:      psy_arrival_basics, layout_basic
D:2:      layout_rooms, dilly_ecumenical_altar_fadedgnrine, minmay_bisected
D:3:      layout_rooms, minmay_misc_feat_roman, feat_on_display, uniq_natasha

Skill      XL: |  1  2 |
---------------+-------+-----
Spellcasting   | 4 |  4.7
Earth Magic    | 4 |  4.5
Dodging        | |  2.4
Stealth        | |  2.4
Transmutations | |  1.1

Action                     |  1- 3 |  4- 6 || total
---------------------------+-------+-------++-------
   Cast: Sandblast         |    51 |     8 ||    59
 Armour: Robe              |     1 |     1 ||     2
  Dodge: Dodged            |    10 |     1 ||    11

Table legend: (Time is in decaauts)
 A = Elapsed time spent in this place.
 B = Non-inter-level travel time spent in this place.
 C = Inter-level travel time spent in this place.
 D = Time resting spent in this place.
 E = Time spent auto-exploring this place.
 F = Levels seen in this place.
 G = Mean time per level.
                   A        B        C        D        E       F      G
               +--------+--------+--------+--------+--------+-----+--------+
         Total |   1432 |   1403 |     29 |      0 |   1190 |   3 |  477.3 |
       Dungeon |   1432 |   1403 |     29 |      0 |   1190 |   3 |  477.3 |
               +--------+--------+--------+--------+--------+-----+--------+

Top non-repeatable levels by time:
     D:2: 587 daAuts
     D:1: 586 daAuts
     D:3: 258 daAuts
